 Dungeon Crawl Stone Soup version 0.23-a0-370-gf497b7c (webtiles) character file.

54 Garbasso the Shooter (level 3, -7/33 HPs)
             Began as a Naga Hunter on Oct 24, 2018.
             Was an Initiate of Okawaru.
             Mangled by an ogre
             ... wielding a +0 giant club
              (16 damage)
             ... on level 4 of the Dungeon.
             The game lasted 00:04:01 (1632 turns).

Garbasso the Shooter (Naga Hunter)                  Turns: 1632, Time: 00:04:02

Health: -7/33      AC:  4    Str: 15    XL:     3   Next: 91%
Magic:  3/3        EV:  7    Int: 11    God:    Okawaru [......]
Gold:   64         SH:  0    Dex: 11    Spells: 2/2 levels left

rFire    . . .     SeeInvis +   a - +1 shortbow
rCold    . . .     Gourm    .   (shield currently unavailable)
rNeg     . . .     Faith    .   m - +0 scale mail
rPois    +         Spirit   .   (no helmet)
rElec    .         Reflect  .   (no cloak)
rCorr    .         Harm     .   (no gloves)
MR       .....                  (no barding)
Stlth    +.........             (no amulet)
HPRegen  0.11/turn              (no ring)
MPRegen  0.08/turn              (no ring)

@: very slow
A: large, see invisible, deformed body, poison resistance, slowness 2, slow
metabolism 1, spit poison 1, AC +1
a: Spit Poison, Renounce Religion


You were on level 4 of the Dungeon.
You worshipped Okawaru.
Okawaru was noncommittal.
You were very hungry.

You visited 2 branches of the dungeon, and saw 4 of its levels.

You collected 64 gold pieces.

Inventory:

Hand Weapons
 a - a +1 shortbow (weapon)
 b - a +0 spear
Missiles
 d - 62 arrows (quivered)
Armour
 m - a +0 scale mail (worn)
Scrolls
 e - 4 scrolls of identify {unknown}
 g - a scroll of remove curse
 k - 3 scrolls of amnesia {unknown}
 l - a scroll of noise {unknown}
Potions
 c - a potion of degeneration {unknown}
 j - a potion of brilliance {unknown}
Comestibles
 f - 2 rations


   Skills:
 + Level 2.6 Fighting
 * Level 4.3 Bows
 - Level 1.5 Dodging
 + Level 3.1 Stealth


You had 2 spell levels left.
You didn't know any spells.
Your spell library was empty.

Dungeon Overview and Level Annotations

Branches:
Dungeon (4/15)             Temple (1/1) D:4

Altars:
Cheibriados
Elyvilon
Fedhas
Gozag
Nemelex Xobeh
Okawaru
Ru
Xom
Yredelemnul


Innate Abilities, Weirdness & Mutations

You cannot wear boots.
Your serpentine skin is tough. (AC +1)
You have supernaturally acute eyesight. (SInv)
Armour fits poorly on your strangely shaped body.
Your system is resistant to poisons. (rPois)
You cover ground very slowly.
You have a slow metabolism.
You can spit poison.


Message History

Things that are here:
6 arrows; a howler monkey corpse You butcher the howler monkey corpse.
Things that are here:
6 arrows; a chunk of flesh; a howler monkey skeleton An ogre comes into view.
It is wielding a +0 giant club.
Firing (i - inventory)
d - 64 arrows (quivered)
Press: ? - help, Shift-Dir - straight line, f - ogre
Aim: an ogre, wielding a +0 giant club (hasn't noticed you)
You shoot an arrow. The arrow barely misses the ogre.
The ogre shouts!
Firing (i - inventory)
d - 63 arrows (quivered)
Press: ? - help, Shift-Dir - straight line, f/p - ogre
Aim: an ogre, wielding a +0 giant club You shoot an arrow.
The arrow closely misses the ogre.
The ogre barely misses you.
Things that are here:
6 arrows; a chunk of flesh; a howler monkey skeleton The ogre hits you with a +0 giant club!
You die...

#..# #..#
#..#
######..#
......(.#
#######(#
#.# #O#
#@# #[#
##.##
#...#
#.≈≈≈....#
#≈≈≈≈≈##.#
#≈≈w≈≈#
#≈≈≈≈≈#
##≈≈≈##


You could see an ogre and a dart slug.

Vanquished Creatures
  A howler monkey (D:4)
  A leopard gecko (D:1)
  3 goblins
  2 hobgoblins (D:1)
  2 jackals (D:1)
  3 kobolds (D:1)
  A bat (D:1)
  2 frilled lizards (D:1)
  4 rats
19 creatures vanquished.

Vanquished Creatures (others)
  An adder skeleton (D:4)
1 creature vanquished.

Grand Total: 20 creatures vanquished

Notes
Turn   | Place    | Note
-------+----------+-------------------------------------------
     0 | D:1      | Garbasso the Naga Hunter began the quest for the Orb.
     0 | D:1      | Reached XP level 1. HP: 19/19 MP: 1/1
   267 | D:1      | Reached XP level 2. HP: 21/26 MP: 2/2
  1344 | D:2      | Reached skill level 4 in Bows
  1370 | D:2      | You fall through a shaft for 2 floors!
  1378 | D:4      | Found a staircase to the Ecumenical Temple.
  1387 | Temple   | Entered the Ecumenical Temple
  1549 | Temple   | Became a worshipper of Warmaster Okawaru
  1606 | D:4      | Found a snail-covered altar of Cheibriados.
  1607 | D:4      | Noticed a howler monkey
  1625 | D:4      | Killed a howler monkey
  1625 | D:4      | Reached XP level 3. HP: 7/33 MP: 3/3
  1628 | D:4      | Noticed an ogre
  1632 | D:4      | Mangled by an ogre

Vault maps used:
D:1:      minmay_arrival_diagonal_passages
D:2:      zin_statuary, chequers_ecumenical_altar_grove, first_ration,
          corexii_hall_statues_s
D:4:      kennysheep_slug_shrine, lemuel_temple_firewalk_b, serial_shops, shop,
          enter_ossuary_3
Temple:   compressed_dpeg_circular_temple

Skill      XL: |  1  2 |
---------------+-------+-----
Stealth        | 2 3 |  3.1
Bows           | 4 |  4.3
Fighting       | |  2.6
Dodging        | |  1.5

Action                   || total
-------------------------++-------
Melee: Spear             ||    80
 Fire: Shortbow          ||    13
  Use: Scroll            ||     2
Armor: Leather armour    ||     3
       Scale mail        ||    13
Dodge: Dodged            ||    29

Table legend:
 A = Non-vault XP
 B = Vault XP
 C = Vault XP percentage of total XP
 D = Non-vault monster count
 E = Vault monster count
 F = Vault count percentage of total count
                 A         B        C        D         E       F
            +---------+---------+-------+---------+---------+-------
      Total |      78 |       0 |   0.0 |      19 |       0 |   0.0
            +---------+---------+-------+---------+---------+-------
        D:1 |      24 |       0 |   0.0 |      16 |       0 |   0.0
        D:2 |       3 |       0 |   0.0 |       2 |       0 |   0.0
        D:4 |      51 |       0 |   0.0 |       1 |       0 |   0.0
            +---------+---------+-------+---------+---------+-------
